Map: 2000 Atmospheres LE

Players

Krystianer - Winner!

  • Race: Protoss Protoss
  • League: Grandmaster

soul

  • Race: Terran Terran
  • League: Grandmaster

VOD

Have the link to the VOD?

Description

Time

  • Played on: June 28, 2021, 2:45 p.m.
  • Length: 13:13
Show
View Real Time Build Order
Export as new Build Order

Krystianer Protoss - Winner!

Build Orders: 1 Gate Expand, Oracle Opening 

Get SALT Encoding   

  12  0:00  Probe  
  13  0:12  Probe  
  14  0:17  Pylon  
  14  0:24  Probe (Chrono Boost)  
  16  0:36  Probe (Chrono Boost), Gateway  
  16  0:43  Probe (Chrono Boost)  
  16  0:45  Assimilator  
  17  0:51  Probe  
  18  1:03  Probe  
  19  1:15  Probe  
  20  1:21  Nexus  
  20  1:31  Cybernetics Core  
  20  1:34  Probe  
  20  1:38  Assimilator  
  21  1:46  Probe  
  22  1:49  Pylon  
  22  1:58  Probe  
  23  2:05  Adept (Chrono Boost)  
  25  2:10  Probe  
  26  2:17  Shield Battery  
  26  2:19  Stargate  
  26  2:22  Probe  
  27  2:28  Stalker (Chrono Boost)  
  30  2:38  Probe (Chrono Boost)  
  30  2:39  Probe (Chrono Boost)  
  31  2:48  Warp Gate  
  31  2:50  Probe (Chrono Boost)  
  33  2:52  Probe (Chrono Boost)  
  33  2:54  Probe (Chrono Boost)  
  34  3:00  Probe  
  34  3:03  Oracle  
  34  3:05  Probe  
  40  3:12  Probe  
  40  3:17  Probe  
  41  3:25  Probe  
  42  3:29  Probe  
  43  3:37  Probe  
  43  3:39  Nexus  
  43  3:41  Pylon  
  44  3:48  Gateway  
  44  3:49  Probe, Gateway  
  44  3:50  Probe  
  44  3:54  Pylon  
  46  3:57  Assimilator  
  46  4:03  Phoenix (Chrono Boost)  
  46  4:04  Probe  
  46  4:05  Probe  
  50  4:18  Probe  
  50  4:19  Probe  
  50  4:20  Phoenix (Chrono Boost)  
  54  4:25  Pylon  
  54  4:31  Probe  
  54  4:36  Probe  
  43  4:39  Phoenix (Chrono Boost)  
  43  4:44  Probe (Chrono Boost)  
  40  4:51  Probe (Chrono Boost)  
  40  4:52  Probe (Chrono Boost)  
  39  4:58  Phoenix  
  42  5:01  Probe (Chrono Boost)  
  42  5:02  Probe (Chrono Boost)  
  42  5:04  Probe (Chrono Boost)  
  44  5:09  Probe (Chrono Boost)  
  44  5:12  Probe x2 (Chrono Boost)  
  47  5:16  Probe (Chrono Boost)  
  47  5:18  Probe (Chrono Boost)  
  47  5:19  Probe (Chrono Boost)  
  50  5:23  Phoenix, Twilight Council  
  50  5:25  Probe (Chrono Boost)  
  54  5:30  Probe (Chrono Boost)  
  54  5:33  Forge, Probe (Chrono Boost)  
  56  5:37  Probe x2 (Chrono Boost)  
  56  5:40  Probe (Chrono Boost)  
  58  5:44  Probe (Chrono Boost)  
  58  5:47  Probe (Chrono Boost)  
  58  5:48  Phoenix  
  62  5:56  Probe x2 (Chrono Boost)  
  64  6:03  Probe (Chrono Boost)  
  67  6:05  Probe (Chrono Boost), Charge (Chrono Boost), Gateway  
  67  6:07  Probe (Chrono Boost), Gateway  
  67  6:09  Probe (Chrono Boost)  
  67  6:10  Gateway  
  68  6:13  Protoss Ground Weapons Level 1 (Chrono Boost)  
  68  6:16  Probe (Chrono Boost)  
  71  6:18  Probe (Chrono Boost)  
  71  6:19  Probe (Chrono Boost)  
  71  6:23  Probe (Chrono Boost)  
  71  6:24  Probe  
  72  6:26  Gateway  
  72  6:27  Gateway  
  72  6:30  Zealot  
  75  6:33  Phoenix  
  75  6:35  Probe x2  
  75  6:38  Pylon  
  79  6:41  Zealot  
  79  6:57  Phoenix (Chrono Boost), Probe  
  79  6:59  Zealot x2  
  84  7:02  Zealot x3  
  84  7:05  Robotics Facility  
  84  7:06  Pylon, Probe  
  84  7:08  Pylon  
  91  7:10  Assimilator  
  91  7:12  Zealot  
  93  7:24  Phoenix, Probe  
  93  7:26  Zealot x5  
  106  7:33  Pylon  
  106  7:34  Pylon, Zealot  
  106  7:35  Probe  
  109  8:01  Zealot x8  
  125  8:05  Protoss Ground Armor Level 1 (Chrono Boost)  
  125  8:09  Pylon  
  125  8:10  Pylon  
  125  8:12  Pylon  
  125  8:19  Phoenix  
  114  8:28  Zealot x8  
  114  8:33  Probe  
  119  8:44  Phoenix  
  119  8:51  Probe, Nexus  
  119  8:53  Zealot x5  
  120  8:56  Templar Archives  
  116  9:07  Zealot x2  
  116  9:08  Zealot  
  116  9:09  Phoenix  
  114  9:10  Probe  
  114  9:12  Probe  
  114  9:15  Zealot x5  
  114  9:16  Probe  
  117  9:26  Probe  
  106  9:34  Phoenix, Probe  
  106  9:36  High Templar x4, Zealot  
  106  9:37  Zealot x3  
  121  9:39  Pylon  
  121  9:41  Archon  
  121  9:42  Warp Prism (Chrono Boost)  
  123  9:46  Archon  
  123  9:50  Probe x2  
  125  9:59  Phoenix  
  127  10:01  High Templar x2, Zealot x2  
  127  10:03  Probe  
  127  10:04  Probe x2, Assimilator  
  127  10:05  Assimilator  
  127  10:06  Probe  
  139  10:07  Assimilator  
  139  10:12  Archon  
  139  10:16  High Templar x2, Zealot x2  
  139  10:17  Probe x3  
  139  10:18  Probe  
  139  10:20  Archon  
  151  10:22  Zealot x2  
  155  10:33  Photon Cannon  
  155  10:37  Probe  
  155  10:41  Probe  
  151  10:43  Photon Cannon  
  151  10:44  Probe  
  151  10:45  Probe  
  149  10:52  High Templar x2  
  149  10:53  Zealot x6  
  149  10:56  Archon  
  166  11:00  Pylon  
  166  11:01  Pylon  
  166  11:03  Assimilator  
  164  11:07  Robotics Facility  
  164  11:08  Robotics Bay  
  124  11:21  Zealot x3  
  124  11:22  Zealot x3  
  132  11:26  Zealot x2  
  124  11:33  Probe  
  123  11:42  Observer (Chrono Boost)  
  124  11:49  High Templar x4  
  124  11:50  Zealot x4  
  124  11:52  Probe x2, Photon Cannon  
  138  11:55  Archon x2  
  138  11:57  Probe  
  139  12:05  Probe  
  140  12:11  Zealot x4  
  140  12:12  Nexus  
  118  12:24  Colossus x2 (Chrono Boost)  
  118  12:25  Observer  
  124  12:32  Zealot x2  
  124  12:33  Zealot x6  
  136  12:40  Pylon  
  136  12:55  Zealot x6  
  136  12:56  Zealot x2  
  148  13:00  Probe x2  
Show
View Real Time Build Order
Export as new Build Order

soul Terran 

Build Orders: Reaper Expand 

Get SALT Encoding   

  12  0:00  SCV  
  13  0:12  SCV  
  14  0:17  Supply Depot  
  14  0:24  SCV  
  15  0:38  SCV  
  15  0:40  Barracks  
  16  0:44  Refinery  
  16  0:50  SCV  
  17  1:03  SCV  
  18  1:15  SCV  
  19  1:27  Orbital Command, Reaper  
  20  1:41  Command Center  
  20  1:50  Supply Depot  
  20  1:53  SCV  
  21  1:59  Marine  
  22  2:02  Bunker  
  22  2:08  SCV  
  23  2:16  Factory  
  23  2:21  Barracks Reactor  
  23  2:23  SCV  
  24  2:32  Refinery  
  24  2:35  SCV  
  25  2:47  SCV  
  26  2:59  SCV  
  26  3:03  Starport  
  26  3:04  SCV  
  28  3:11  SCV, Hellion x2  
  33  3:15  Barracks Tech Lab  
  33  3:18  Orbital Command  
  33  3:23  SCV  
  34  3:33  Hellion  
  36  3:36  SCV  
  36  3:41  Hellion  
  39  3:43  Medivac  
  39  3:45  SCV  
  39  3:48  SCV  
  42  3:52  Supply Depot, Bunker  
  42  3:57  SCV  
  42  4:00  SCV  
  44  4:08  Marine x2  
  44  4:09  SCV  
  46  4:13  Supply Depot  
  46  4:14  Supply Depot, SCV, Cyclone  
  50  4:21  SCV  
  51  4:26  Supply Depot, SCV  
  52  4:34  SCV  
  52  4:38  SCV  
  54  4:46  SCV  
  54  4:49  Cyclone  
  54  4:50  Marine, SCV  
  50  4:56  Command Center  
  50  4:58  SCV  
  50  4:59  Barracks  
  51  5:00  Barracks  
  51  5:02  SCV  
  51  5:03  Supply Depot  
  51  5:04  Marine  
  53  5:07  Marine  
  53  5:10  SCV  
  53  5:13  Engineering Bay x2  
  55  5:19  Refinery  
  55  5:21  Marine  
  55  5:22  SCV  
  55  5:24  Cyclone  
  55  5:25  Marine  
  55  5:26  SCV  
  62  5:31  Refinery  
  62  5:32  Supply Depot  
  62  5:34  SCV  
  62  5:35  Supply Depot  
  63  5:38  SCV  
  64  5:43  Terran Infantry Weapons Level 1, Terran Infantry Armor Level 1  
  64  5:44  Viking  
  64  5:47  Barracks Tech Lab x2  
  66  5:54  SCV  
  66  6:00  Siege Tank  
  66  6:02  Marine  
  66  6:03  Marine, Barracks  
  71  6:04  Barracks  
  71  6:06  Stimpack  
  71  6:08  Combat Shield  
  71  6:09  Marine  
  72  6:14  Orbital Command  
  72  6:15  Marine  
  72  6:19  Missile Turret  
  72  6:21  SCV  
  72  6:22  Missile Turret, Starport Reactor  
  73  6:26  SCV  
  74  6:35  SCV  
  74  6:38  Marine, SCV  
  74  6:39  Marauder x2, Missile Turret  
  81  6:40  Orbital Command  
  81  6:43  Factory Reactor  
  80  6:47  Marine  
  80  6:48  SCV  
  80  6:50  SCV  
  80  6:53  Barracks Reactor  
  83  7:00  Marauder x2, SCV  
  87  7:02  SCV  
  87  7:03  Medivac x2  
  87  7:04  Marine  
  87  7:07  SCV  
  94  7:12  SCV  
  94  7:14  Marine, SCV  
  97  7:19  Marauder, Concussive Shells, SCV  
  97  7:21  Marauder, Marine  
  97  7:22  Marauder  
  105  7:24  SCV  
  105  7:26  SCV  
  105  7:29  Supply Depot x2  
  107  7:30  Marine  
  107  7:31  SCV  
  107  7:32  Widow Mine  
  107  7:33  Medivac x2  
  107  7:34  Widow Mine  
  117  7:50  Marine, SCV, Refinery  
  117  7:51  Marauder x3, Marine x2  
  127  7:52  Refinery  
  127  7:53  Supply Depot, Marine  
  127  7:55  Supply Depot x2, Widow Mine  
  127  7:56  SCV  
  130  8:03  Medivac x2  
  131  8:08  Marine  
  133  8:12  Marauder  
  133  8:14  Marine x2  
  133  8:15  Marauder x2, Widow Mine  
  133  8:17  Widow Mine  
  138  8:26  Marine x2  
  124  8:32  Marine x2  
  124  8:33  Medivac x2, Marine  
  114  8:36  Marine x2, Widow Mine  
  114  8:38  Widow Mine  
  112  8:44  Marine x2  
  112  8:47  Armory  
  110  8:50  Marine x2  
  110  8:51  Marine  
  110  8:54  Marine, Marauder  
  108  8:58  Widow Mine  
  108  9:00  Widow Mine  
  108  9:02  Marine x2  
  111  9:06  Medivac  
  111  9:07  Medivac  
  111  9:08  Marine x2  
  111  9:09  Marauder  
  110  9:12  Marauder  
  110  9:15  Marauder  
  113  9:19  Widow Mine  
  113  9:20  Marine x2  
  113  9:21  Widow Mine, SCV x2  
  102  9:26  Marine x2  
  102  9:31  Marauder  
  92  9:33  Marauder  
  92  9:36  Marine, Medivac  
  92  9:43  Medivac  
  94  9:45  Marine  
  94  9:47  Ghost Academy  
  94  9:52  Marauder  
  97  9:55  Marauder  
  97  9:56  Marine x4  
  103  10:12  Widow Mine x2  
  103  10:14  SCV  
  110  10:17  Ghost  
  110  10:18  Marine, Ghost x2  
  110  10:19  Marine x2  
  116  10:22  SCV x2  
  116  10:23  Marine  
  116  10:26  SCV  
  120  10:34  SCV  
  122  10:35  Widow Mine  
  122  10:36  Marine  
  122  10:39  SCV  
  122  10:42  Marine, SCV  
  126  10:44  Widow Mine  
  126  10:46  Ghost x2  
  126  10:49  Marine  
  132  10:50  Marauder  
  135  10:57  Marine, Widow Mine  
  135  11:02  SCV  
  135  11:05  Widow Mine  
  120  11:11  Marauder  
  120  11:17  Marine  
  120  11:18  Marauder, Widow Mine, Marine  
  92  11:19  Marine  
  92  11:20  Marauder  
  92  11:21  Marine  
  88  11:26  Widow Mine  
  81  11:32  Marauder  
  81  11:33  Medivac  
  81  11:35  Marine  
  81  11:36  Marine  
  81  11:37  Marine  
  81  11:39  Marine x2, Medivac  
  76  11:40  Widow Mine  
  76  11:41  Marauder  
  76  11:43  Orbital Command  
  78  11:48  Widow Mine  
  78  11:53  Marine  
  78  11:54  Marine, Marauder  
  83  11:55  Marine  
  83  11:57  Marine x2  
  89  12:01  Widow Mine  
  89  12:03  Medivac  
  91  12:09  Widow Mine  
  91  12:11  Marauder  
  95  12:22  Widow Mine  
  82  12:25  Medivac  
  78  12:30  Marine, Widow Mine  
  78  12:33  Medivac  
  78  12:34  Marauder  
  84  12:37  Marine  
  84  12:38  Marauder  
  84  12:39  Marine  
  88  12:44  Marine  
  88  12:46  Widow Mine  
  88  12:49  Marauder  
Tags
 
Add a new tag
Caveats
  • Supply blocks, unpowered buildings, or Contaminate may cause inaccurate times.
  • Supply counts are checked every 10 seconds.